[ AOE2 MATCH · #481130107 ]
Team RMFranks vs Magyars
[ REPLAY ANALYSIS · EXTRACTED FROM THE RECORDED GAME ]
Feudal
12:07
Castle
21:41
Imperial
37:56
| APM avg | 26.6 |
| APM peak | 62 |
| eAPM avg | 14.0 |
| Villagers / military | 131 / 361 |
Focus
⚔️ 54.1% · 🌾 45.9%
Knight ×346 · Bombard Cannon ×10 · Spearman ×5
Feudal
9:55
Castle
20:17
Imperial
38:34
| APM avg | 21.9 |
| APM peak | 64 |
| eAPM avg | 12.9 |
| Villagers / military | 115 / 229 |
Focus
⚔️ 28.7% · 🌾 71.3%
Skirmisher ×114 · Knight ×95 · Spearman ×13 · Scout Cavalry ×4 · Throwing Axeman ×3
Feudal
11:48
Castle
20:45
Imperial
38:28
| APM avg | 22.2 |
| APM peak | 55 |
| eAPM avg | 13.4 |
| Villagers / military | 127 / 201 |
Focus
⚔️ 30.5% · 🌾 69.5%
Genoese Crossbowman ×117 · Scout Cavalry ×75 · Spearman ×9
Feudal
9:53
Castle
22:03
Imperial
36:22
| APM avg | 49.4 |
| APM peak | 94 |
| eAPM avg | 18.0 |
| Villagers / military | 142 / 266 |
Focus
⚔️ 27.6% · 🌾 72.4%
Cavalry Archer ×188 · Magyar Huszar ×75 · Scout Cavalry ×3
Feudal
12:14
Castle
23:11
Imperial
42:22
| APM avg | 43.7 |
| APM peak | 79 |
| eAPM avg | 18.4 |
| Villagers / military | 158 / 242 |
Focus
⚔️ 40.7% · 🌾 59.3%
Cavalry Archer ×72 · Magyar Huszar ×65 · Scout Cavalry ×62 · Battering Ram ×22 · Spearman ×10 · Skirmisher ×5
Feudal
10:30
Castle
19:27
Imperial
34:34
| APM avg | 21.1 |
| APM peak | 64 |
| eAPM avg | 12.5 |
| Villagers / military | 166 / 114 |
Focus
⚔️ 17.8% · 🌾 82.2%
Mangudai ×81 · Scout Cavalry ×18 · Spearman ×10 · Trade Cart ×6 · Mangonel ×5
Match map
Initial resources + every placement click. Lines = walls · curves = elevation contours. ◆ gold · ⬟ stone · ● berries · ✦ relic · ◌ wall gap
Your base· ✓ Closed at 21:41 · 9t walls · no gate
wCkL_'s base· Open — unwalled flank
azal873's base· ✓ Closed at 20:45 · 3t walls · 2 gate(s)
Ashka's base· Open — unwalled flank
shamil.malikov97's base· ✓ Closed at 23:11 · 25t walls · 1 gate(s)
pierre.ultraweb's base· Open — unwalled flank
Smoothed initial terrain · ◌ = detected wall gap · hover for details
Inputs per minute
— hadji_andiyskiy - - wCkL_
Build order — hadji_andiyskiy
First 150 of 317 actions detected
| 0:03 | Build | House |
| 0:05 | Build | House |
| 0:06 | Create | Villager (Male) ×4 |
| 1:36 | Create | Villager (Male) |
| 1:36 | Create | Villager (Male) |
| 1:50 | Build | Lumber Camp |
| 1:52 | Create | Villager (Male) |
| 2:37 | Create | Villager (Male) |
| 2:55 | Create | Villager (Male) |
| 2:56 | Create | Villager (Male) |
| 3:31 | Create | Villager (Male) |
| 4:00 | Build | House |
| 4:08 | Build | Mill |
| 4:14 | Build | House |
| 4:21 | Create | Villager (Male) |
| 4:43 | Create | Villager (Male) |
| 4:46 | Create | Villager (Male) |
| 6:09 | Create | Villager (Male) ×2 |
| 6:38 | Build | House |
| 7:00 | Create | Villager (Male) |
| 7:00 | Create | Villager (Male) |
| 7:01 | Create | Villager (Male) |
| 7:01 | Create | Villager (Male) |
| 7:59 | Create | Villager (Male) ×4 |
| 8:56 | Create | Villager (Male) ×2 |
| 9:28 | Build | Mining Camp |
| 9:32 | Research | Loom |
| 9:49 | Build | House |
| 9:51 | Research | Feudal Age |
| 9:57 | Build | House |
| 10:04 | Build | Palisade Wall |
| 10:24 | Build | Barracks |
| 10:44 | Build | House |
| 11:07 | Build | House |
| 11:12 | Build | Palisade Wall |
| 11:26 | Create | Villager (Male) ×5 |
| 12:07 | Age | Feudal Age |
| 12:17 | Create | Spearman |
| 12:17 | Create | Spearman |
| 12:18 | Create | Spearman |
| 12:38 | Research | Double-Bit Axe |
| 12:43 | Build | House |
| 12:45 | Build | House |
| 12:47 | Build | House |
| 12:49 | Build | House |
| 13:37 | Build | Farm |
| 13:38 | Build | Farm |
| 13:38 | Build | Farm |
| 13:42 | Build | Farm |
| 13:43 | Build | Farm |
| 14:00 | Create | Villager (Male) ×5 |
| 14:09 | Build | Farm |
| 14:14 | Build | Farm |
| 14:17 | Build | Farm |
| 14:34 | Build | Farm |
| 14:41 | Create | Spearman |
| 14:41 | Create | Spearman |
| 15:09 | Build | Farm |
| 15:26 | Build | Farm |
| 15:36 | Build | House |
| 16:41 | Build | Blacksmith |
| 17:42 | Create | Villager (Male) |
| 17:42 | Create | Villager (Male) |
| 17:43 | Create | Villager (Male) |
| 18:30 | Build | Market |
| 19:01 | Research | Castle Age |
| 19:22 | Build | Farm |
| 19:22 | Build | Farm |
| 19:22 | Build | Farm |
| 19:22 | Build | Farm |
| 19:23 | Build | Farm |
| 19:23 | Build | Farm |
| 19:23 | Build | Farm |
| 20:09 | Build | Farm |
| 20:17 | Build | Farm |
| 20:24 | Build | Stable |
| 21:16 | Build | Stable |
| 21:41 | Age | Castle Age |
| 21:56 | Build | Town Center |
| 21:58 | Create | Villager (Male) ×5 |
| 22:12 | Create | Knight ×4 |
| 22:13 | Create | Knight ×4 |
| 22:13 | Create | Knight ×4 |
| 22:16 | Research | Gold Mining |
| 23:11 | Research | Forging |
| 23:11 | Research | Scale Barding Armor |
| 23:14 | Research | Husbandry |
| 23:15 | Create | Knight |
| 23:15 | Create | Knight |
| 23:17 | Create | Villager (Male) ×5 |
| 23:24 | Create | Villager (Male) ×2 |
| 23:42 | Build | Town Center |
| 24:04 | Research | Wheelbarrow |
| 24:13 | Create | Knight |
| 24:13 | Create | Knight |
| 24:13 | Create | Knight |
| 24:13 | Create | Knight |
| 24:29 | Build | House |
| 24:29 | Build | House |
| 24:29 | Build | House |
| 24:30 | Build | House |
| 24:30 | Build | House |
| 24:30 | Build | House |
| 24:31 | Build | House |
| 24:31 | Build | House |
| 24:31 | Build | House |
| 24:32 | Build | House |
| 24:35 | Create | Villager (Male) ×2 |
| 24:50 | Build | House |
| 24:51 | Build | House |
| 24:51 | Build | House |
| 24:51 | Build | House |
| 24:52 | Build | House |
| 24:52 | Build | House |
| 25:01 | Create | Knight ×2 |
| 25:01 | Create | Knight ×2 |
| 25:01 | Create | Knight ×2 |
| 25:08 | Create | Villager (Male) |
| 25:13 | Build | House |
| 25:14 | Build | House |
| 25:14 | Build | House |
| 25:14 | Build | House |
| 25:21 | Create | Villager (Male) ×2 |
| 25:21 | Create | Villager (Male) ×2 |
| 25:21 | Create | Villager (Male) ×2 |
| 25:30 | Build | Mining Camp |
| 25:54 | Create | Villager (Male) ×4 |
| 25:55 | Create | Villager (Male) ×4 |
| 25:55 | Create | Villager (Male) ×4 |
| 26:04 | Build | House |
| 26:05 | Build | House |
| 26:05 | Build | House |
| 26:05 | Build | House |
| 26:06 | Build | House |
| 26:06 | Build | House |
| 26:06 | Build | House |
| 26:15 | Create | Knight |
| 26:15 | Create | Knight ×2 |
| 26:15 | Create | Knight ×2 |
| 26:15 | Create | Knight |
| 26:51 | Create | Villager (Male) ×4 |
| 26:52 | Create | Villager (Male) ×4 |
| 26:57 | Create | Knight |
| 26:57 | Create | Knight |
| 27:46 | Research | Iron Casting |
| 27:47 | Research | Chain Barding Armor |
| 28:05 | Build | Stable |
| 28:08 | Build | Stable |
| 28:21 | Research | Stone Mining |
| 28:39 | Create | Villager (Male) ×4 |
Build order — wCkL_
First 150 of 346 actions detected
| 0:02 | Create | Villager (Male) |
| 0:02 | Create | Villager (Male) |
| 0:02 | Create | Villager (Male) |
| 0:02 | Create | Villager (Male) |
| 0:05 | Build | House |
| 0:07 | Build | House |
| 1:26 | Create | Villager (Male) |
| 1:50 | Create | Villager (Male) |
| 1:57 | Build | Lumber Camp |
| 2:29 | Create | Villager (Male) |
| 3:03 | Create | Villager (Male) |
| 3:04 | Create | Villager (Male) |
| 3:40 | Create | Villager (Male) |
| 4:25 | Build | House |
| 4:26 | Create | Villager (Male) |
| 4:56 | Create | Villager (Male) |
| 4:56 | Create | Villager (Male) |
| 4:59 | Build | Mill |
| 5:39 | Create | Villager (Male) |
| 6:11 | Create | Villager (Male) |
| 6:36 | Create | Villager (Male) |
| 7:45 | Research | Feudal Age |
| 7:45 | Research | Loom |
| 8:10 | Build | Barracks |
| 9:04 | Build | House |
| 9:55 | Age | Feudal Age |
| 9:59 | Build | Stable |
| 10:15 | Build | House |
| 10:17 | Create | Villager (Male) |
| 10:18 | Create | Villager (Male) |
| 10:34 | Research | Double-Bit Axe |
| 10:45 | Build | Mining Camp |
| 10:55 | Create | Scout Cavalry |
| 10:55 | Create | Scout Cavalry |
| 10:57 | Create | Scout Cavalry |
| 11:14 | Build | Blacksmith |
| 11:27 | Create | Villager (Male) |
| 11:28 | Create | Villager (Male) |
| 11:33 | Build | Farm |
| 12:00 | Create | Scout Cavalry |
| 12:10 | Build | Farm |
| 12:14 | Create | Villager (Male) |
| 12:23 | Build | House |
| 12:49 | Create | Villager (Male) |
| 12:50 | Create | Villager (Male) |
| 12:54 | Build | Farm |
| 13:11 | Build | Farm |
| 13:20 | Create | Villager (Male) |
| 13:25 | Build | House |
| 13:42 | Build | Stone Wall |
| 13:45 | Create | Villager (Male) |
| 13:54 | Create | Villager (Male) |
| 13:54 | Create | Villager (Male) |
| 13:55 | Create | Villager (Male) |
| 13:55 | Create | Villager (Male) |
| 13:56 | Build | Farm |
| 14:23 | Build | Farm |
| 14:25 | Build | Farm |
| 14:26 | Build | Farm |
| 14:27 | Build | Farm |
| 14:28 | Build | Farm |
| 15:00 | Build | Farm |
| 15:06 | Build | Farm |
| 15:22 | Build | Farm |
| 15:25 | Create | Villager (Male) |
| 15:25 | Create | Villager (Male) |
| 16:20 | Create | Villager (Male) |
| 16:21 | Create | Villager (Male) |
| 16:23 | Build | Farm |
| 16:26 | Build | Farm |
| 16:29 | Create | Villager (Male) |
| 17:37 | Research | Castle Age |
| 17:52 | Create | Spearman |
| 17:52 | Create | Spearman |
| 18:27 | Create | Spearman |
| 18:56 | Create | Spearman |
| 19:19 | Build | Stone Wall |
| 19:24 | Build | Gate |
| 19:34 | Build | Stone Wall |
| 20:17 | Age | Castle Age |
| 20:27 | Build | Town Center |
| 20:38 | Research | Bow Saw |
| 20:39 | Create | Villager (Male) |
| 20:39 | Create | Villager (Male) |
| 20:51 | Create | Knight |
| 20:52 | Create | Knight |
| 20:52 | Create | Knight |
| 20:56 | Create | Knight |
| 21:14 | Build | Stone Wall |
| 21:34 | Create | Villager (Male) |
| 21:35 | Create | Villager (Male) |
| 21:43 | Create | Villager (Male) |
| 21:43 | Create | Villager (Male) |
| 22:13 | Create | Villager (Male) |
| 22:14 | Create | Villager (Male) |
| 22:24 | Create | Knight |
| 22:46 | Build | House |
| 22:47 | Build | House |
| 22:52 | Research | Stone Mining |
| 22:54 | Research | Gold Mining |
| 23:02 | Research | Husbandry |
| 23:07 | Research | Forging |
| 23:18 | Create | Villager (Male) |
| 23:18 | Create | Villager (Male) |
| 23:40 | Build | Town Center |
| 23:46 | Research | Scale Barding Armor |
| 24:01 | Create | Villager (Male) |
| 24:11 | Create | Villager (Male) |
| 24:28 | Create | Knight |
| 24:39 | Build | Stable |
| 24:44 | Create | Villager (Male) |
| 24:44 | Create | Villager (Male) |
| 24:44 | Create | Villager (Male) |
| 24:56 | Build | House |
| 24:57 | Build | House |
| 24:58 | Build | House |
| 25:12 | Create | Knight |
| 25:12 | Create | Knight |
| 25:40 | Create | Villager (Male) |
| 25:40 | Create | Villager (Male) |
| 25:49 | Create | Villager (Male) |
| 26:39 | Create | Villager (Male) |
| 26:39 | Create | Villager (Male) |
| 26:58 | Create | Villager (Male) |
| 27:00 | Build | Farm |
| 27:03 | Create | Villager (Male) |
| 27:03 | Create | Villager (Male) |
| 27:57 | Create | Villager (Male) |
| 27:57 | Create | Villager (Male) |
| 28:00 | Build | Farm |
| 28:02 | Build | Farm |
| 28:07 | Create | Villager (Male) |
| 28:07 | Create | Villager (Male) |
| 28:39 | Create | Spearman |
| 28:39 | Create | Spearman |
| 28:47 | Create | Knight |
| 28:48 | Create | Knight |
| 28:56 | Create | Villager (Male) |
| 28:56 | Create | Villager (Male) |
| 29:03 | Build | Lumber Camp |
| 29:09 | Create | Villager (Male) |
| 29:09 | Create | Villager (Male) |
| 29:10 | Create | Villager (Male) |
| 29:44 | Build | Castle |
| 29:52 | Research | Pikeman (upgrade) |
| 30:03 | Create | Villager (Male) ×3 |
| 30:20 | Build | House |
| 30:21 | Build | House |
| 30:21 | Build | House |
| 30:28 | Build | Farm |
Build order — azal873
First 150 of 342 actions detected
| 0:05 | Build | House |
| 0:06 | Build | House |
| 0:07 | Create | Villager (Male) |
| 0:10 | Build | House |
| 0:49 | Create | Villager (Male) |
| 0:50 | Create | Villager (Male) |
| 1:01 | Create | Villager (Male) |
| 1:51 | Create | Villager (Male) |
| 2:05 | Create | Villager (Male) |
| 2:23 | Research | Loom |
| 2:24 | Create | Villager (Male) |
| 2:54 | Create | Villager (Male) |
| 3:26 | Create | Villager (Male) |
| 3:50 | Create | Villager (Male) |
| 4:21 | Create | Villager (Male) |
| 5:03 | Create | Villager (Male) |
| 5:03 | Create | Villager (Male) |
| 5:04 | Create | Villager (Male) |
| 5:12 | Build | House |
| 5:16 | Build | House |
| 5:18 | Build | House |
| 5:23 | Build | Lumber Camp |
| 5:35 | Create | Villager (Male) |
| 5:54 | Create | Villager (Male) |
| 6:11 | Create | Villager (Male) |
| 6:11 | Create | Villager (Male) |
| 6:33 | Build | Mill |
| 6:35 | Create | Villager (Male) |
| 6:35 | Create | Villager (Male) |
| 6:55 | Create | Villager (Male) |
| 6:56 | Create | Villager (Male) |
| 6:56 | Create | Villager (Male) |
| 6:56 | Create | Villager (Male) |
| 7:32 | Create | Villager (Male) |
| 9:30 | Research | Feudal Age |
| 9:35 | Research | Loom |
| 10:05 | Build | House |
| 10:08 | Build | House |
| 10:15 | Build | House |
| 10:22 | Build | Palisade Wall |
| 10:28 | Build | Palisade Gate |
| 10:51 | Build | Farm |
| 10:54 | Build | Farm |
| 10:58 | Build | Farm |
| 11:03 | Build | Farm |
| 11:30 | Build | Mining Camp |
| 11:48 | Age | Feudal Age |
| 11:59 | Research | Double-Bit Axe |
| 12:14 | Create | Villager (Male) |
| 12:15 | Create | Villager (Male) |
| 12:29 | Build | Lumber Camp |
| 12:36 | Build | Mining Camp |
| 12:51 | Build | Palisade Gate |
| 12:54 | Build | House |
| 13:07 | Create | Villager (Male) |
| 13:07 | Create | Villager (Male) |
| 13:08 | Create | Villager (Male) |
| 13:38 | Create | Villager (Male) |
| 13:48 | Build | House |
| 13:57 | Research | Horse Collar |
| 14:00 | Build | Farm |
| 14:07 | Build | Farm |
| 14:42 | Create | Villager (Male) |
| 14:42 | Create | Villager (Male) |
| 15:49 | Create | Villager (Male) |
| 16:16 | Research | Gold Mining |
| 16:17 | Create | Villager (Male) |
| 16:18 | Create | Villager (Male) |
| 16:38 | Build | Blacksmith |
| 16:41 | Build | Market |
| 18:05 | Research | Castle Age |
| 18:38 | Build | Barracks |
| 18:41 | Build | Barracks |
| 19:09 | Create | Spearman |
| 19:09 | Create | Spearman |
| 19:12 | Create | Spearman |
| 19:13 | Create | Spearman |
| 19:21 | Research | Fletching |
| 19:42 | Create | Spearman |
| 20:06 | Create | Villager (Male) |
| 20:07 | Create | Villager (Male) |
| 20:09 | Create | Villager (Male) |
| 20:18 | Research | Stone Mining |
| 20:23 | Build | Lumber Camp |
| 20:45 | Age | Castle Age |
| 21:08 | Build | Town Center |
| 21:25 | Create | Villager (Male) |
| 21:28 | Research | Bow Saw |
| 21:33 | Create | Villager (Male) |
| 22:25 | Build | Town Center |
| 22:36 | Create | Villager (Male) |
| 22:48 | Create | Villager (Male) ×5 |
| 23:07 | Build | Farm |
| 23:13 | Build | Farm |
| 23:16 | Build | Farm |
| 23:17 | Create | Villager (Male) |
| 23:23 | Build | Farm |
| 23:35 | Build | Farm |
| 23:43 | Build | Farm |
| 23:44 | Create | Villager (Male) |
| 23:47 | Create | Villager (Male) |
| 23:48 | Create | Villager (Male) |
| 24:13 | Build | Farm |
| 24:18 | Build | Farm |
| 24:23 | Build | Farm |
| 24:29 | Build | Farm |
| 24:38 | Research | Heavy Plow |
| 24:39 | Create | Villager (Male) |
| 24:47 | Create | Villager (Male) |
| 24:48 | Create | Villager (Male) |
| 24:49 | Create | Villager (Male) |
| 24:56 | Create | Villager (Male) |
| 24:57 | Create | Villager (Male) |
| 25:07 | Build | Castle |
| 25:16 | Build | Farm |
| 25:20 | Build | Farm |
| 25:25 | Build | Farm |
| 25:32 | Build | Farm |
| 25:34 | Create | Villager (Male) |
| 25:36 | Create | Villager (Male) |
| 25:38 | Create | Villager (Male) |
| 25:38 | Create | Villager (Male) |
| 25:46 | Build | Farm |
| 25:49 | Build | Farm |
| 25:53 | Create | Villager (Male) |
| 25:56 | Create | Villager (Male) |
| 26:11 | Create | Villager (Male) |
| 26:25 | Create | Spearman |
| 26:25 | Create | Spearman |
| 26:42 | Research | Pikeman (upgrade) |
| 26:43 | Research | Pikeman (upgrade) |
| 26:56 | Create | Spearman |
| 26:56 | Create | Spearman |
| 27:03 | Build | Lumber Camp |
| 27:13 | Create | Genoese Crossbowman ×5 |
| 27:21 | Research | Forging |
| 28:20 | Build | Farm |
| 28:24 | Create | Villager (Male) |
| 28:24 | Create | Villager (Male) |
| 28:25 | Create | Villager (Male) |
| 28:25 | Create | Villager (Male) |
| 28:27 | Create | Villager (Male) |
| 28:27 | Create | Villager (Male) |
| 28:38 | Build | Farm |
| 28:42 | Build | Farm |
| 28:46 | Build | Farm |
| 28:53 | Build | Farm |
| 28:57 | Build | Lumber Camp |
| 29:07 | Research | Squires |
| 29:16 | Build | University |
Build order — Ashka
First 150 of 419 actions detected
| 0:01 | Create | Villager (Male) |
| 0:01 | Create | Villager (Male) |
| 0:01 | Create | Villager (Male) |
| 0:02 | Build | House |
| 0:04 | Build | House |
| 0:38 | Create | Villager (Male) |
| 1:34 | Create | Villager (Male) |
| 1:44 | Build | Lumber Camp |
| 1:53 | Create | Villager (Male) |
| 2:27 | Create | Villager (Male) |
| 2:52 | Create | Villager (Male) |
| 2:53 | Create | Villager (Male) |
| 3:03 | Create | Villager (Male) |
| 3:26 | Build | House |
| 3:54 | Create | Villager (Male) |
| 4:01 | Build | Mill |
| 4:23 | Create | Villager (Male) |
| 4:49 | Create | Villager (Male) |
| 5:20 | Create | Villager (Male) |
| 5:23 | Create | Villager (Male) |
| 5:23 | Create | Villager (Male) |
| 5:24 | Create | Villager (Male) |
| 6:09 | Create | Villager (Male) |
| 6:54 | Research | Loom |
| 7:43 | Research | Feudal Age |
| 7:44 | Research | Feudal Age |
| 7:54 | Build | Lumber Camp |
| 8:51 | Build | House |
| 8:57 | Build | Barracks |
| 9:41 | Create | Villager (Male) |
| 9:42 | Create | Villager (Male) |
| 9:53 | Age | Feudal Age |
| 9:55 | Build | Stable |
| 10:26 | Build | Farm |
| 10:27 | Research | Double-Bit Axe |
| 10:35 | Create | Scout Cavalry |
| 10:36 | Create | Scout Cavalry |
| 10:36 | Create | Scout Cavalry |
| 10:42 | Create | Villager (Male) |
| 10:53 | Create | Villager (Male) |
| 11:14 | Build | House |
| 11:21 | Create | Villager (Male) |
| 11:37 | Build | House |
| 11:41 | Create | Villager (Male) |
| 12:00 | Create | Villager (Male) |
| 12:12 | Build | Palisade Wall |
| 12:14 | Create | Villager (Male) |
| 12:33 | Build | Farm |
| 12:58 | Create | Villager (Male) |
| 13:00 | Build | Farm |
| 13:06 | Build | Farm |
| 13:16 | Create | Villager (Male) |
| 13:18 | Build | Farm |
| 13:20 | Create | Villager (Male) |
| 13:42 | Create | Villager (Male) |
| 13:50 | Build | Farm |
| 13:53 | Build | Farm |
| 14:29 | Create | Villager (Male) |
| 14:38 | Build | Farm |
| 14:38 | Build | Farm |
| 14:38 | Build | Farm |
| 14:39 | Build | Farm |
| 14:41 | Build | Farm |
| 14:41 | Build | Farm |
| 14:41 | Build | Farm |
| 14:41 | Build | Farm |
| 15:10 | Build | Farm |
| 15:14 | Build | Farm |
| 15:14 | Build | Farm |
| 15:40 | Build | Farm |
| 15:47 | Build | Farm |
| 16:19 | Build | Mining Camp |
| 16:21 | Create | Villager (Male) |
| 16:32 | Build | Blacksmith |
| 16:39 | Create | Villager (Male) |
| 16:51 | Build | House |
| 17:13 | Create | Villager (Male) |
| 17:23 | Build | House |
| 17:51 | Build | House |
| 17:57 | Research | Gold Mining |
| 17:58 | Create | Villager (Male) |
| 17:58 | Create | Villager (Male) |
| 18:13 | Build | Farm |
| 18:36 | Create | Villager (Male) |
| 18:45 | Create | Villager (Male) |
| 18:47 | Create | Villager (Male) |
| 18:54 | Build | Archery Range |
| 19:07 | Build | House |
| 19:19 | Research | Castle Age |
| 19:39 | Build | Farm |
| 19:55 | Research | Fletching |
| 19:57 | Research | Scale Barding Armor |
| 20:06 | Build | House |
| 20:08 | Create | Villager (Male) |
| 20:13 | Research | Bloodlines |
| 20:13 | Research | Bloodlines |
| 20:36 | Build | Archery Range |
| 20:50 | Build | Farm |
| 20:55 | Create | Villager (Male) |
| 21:04 | Research | Padded Archer Armor |
| 21:24 | Build | Farm |
| 21:24 | Build | Farm |
| 21:25 | Build | Farm |
| 21:27 | Create | Villager (Male) |
| 21:33 | Research | Horse Collar |
| 21:53 | Build | House |
| 22:03 | Age | Castle Age |
| 22:07 | Create | Cavalry Archer |
| 22:07 | Create | Cavalry Archer |
| 22:18 | Build | University |
| 22:22 | Create | Villager (Male) |
| 22:26 | Research | Bodkin Arrow |
| 22:36 | Build | Farm |
| 22:36 | Build | Farm |
| 22:41 | Build | Farm |
| 22:42 | Build | Farm |
| 22:56 | Create | Cavalry Archer |
| 22:56 | Create | Cavalry Archer |
| 23:03 | Research | Husbandry |
| 23:05 | Create | Villager (Male) |
| 23:09 | Build | Farm |
| 23:09 | Build | Farm |
| 23:12 | Research | Ballistics |
| 23:29 | Research | Thumb Ring |
| 23:29 | Research | Thumb Ring |
| 23:37 | Create | Villager (Male) |
| 23:46 | Create | Cavalry Archer |
| 23:47 | Create | Cavalry Archer |
| 24:08 | Create | Cavalry Archer |
| 24:08 | Create | Cavalry Archer |
| 24:27 | Create | Villager (Male) |
| 24:27 | Create | Villager (Male) |
| 24:39 | Build | House |
| 24:44 | Research | Wheelbarrow |
| 24:49 | Create | Cavalry Archer |
| 25:01 | Build | Farm |
| 25:01 | Build | Farm |
| 25:03 | Create | Villager (Male) |
| 25:10 | Research | Leather Archer Armor |
| 25:10 | Research | Leather Archer Armor |
| 25:41 | Build | Farm |
| 25:44 | Build | Lumber Camp |
| 25:45 | Create | Villager (Male) |
| 25:45 | Create | Villager (Male) |
| 26:12 | Research | Bow Saw |
| 26:15 | Create | Cavalry Archer |
| 26:15 | Create | Cavalry Archer |
| 26:49 | Create | Villager (Male) |
| 26:49 | Create | Villager (Male) |
| 27:17 | Create | Villager (Male) |
Build order — shamil.malikov97
First 150 of 387 actions detected
| 0:04 | Create | Villager (Male) |
| 0:06 | Build | House |
| 0:07 | Build | House |
| 0:08 | Create | Villager (Male) |
| 0:08 | Create | Villager (Male) |
| 0:08 | Create | Villager (Male) |
| 1:24 | Create | Villager (Male) |
| 1:24 | Create | Villager (Male) |
| 1:49 | Create | Villager (Male) |
| 1:49 | Create | Villager (Male) |
| 2:24 | Create | Villager (Male) |
| 2:24 | Create | Villager (Male) |
| 2:41 | Create | Villager (Male) |
| 2:41 | Create | Villager (Male) |
| 3:03 | Create | Villager (Male) |
| 3:03 | Create | Villager (Male) |
| 3:49 | Create | Villager (Male) |
| 3:49 | Create | Villager (Male) |
| 3:49 | Create | Villager (Male) |
| 3:49 | Create | Villager (Male) |
| 4:22 | Create | Villager (Male) |
| 4:27 | Create | Villager (Male) |
| 4:27 | Create | Villager (Male) |
| 4:44 | Build | House |
| 5:06 | Build | House |
| 5:10 | Create | Villager (Male) |
| 5:10 | Create | Villager (Male) |
| 5:18 | Build | House |
| 5:19 | Build | House |
| 5:49 | Create | Villager (Male) |
| 5:49 | Create | Villager (Male) |
| 6:01 | Create | Villager (Male) |
| 6:01 | Create | Villager (Male) |
| 6:09 | Build | Lumber Camp |
| 6:11 | Create | Villager (Male) |
| 6:11 | Create | Villager (Male) |
| 6:11 | Create | Villager (Male) |
| 6:46 | Create | Villager (Male) |
| 6:47 | Create | Villager (Male) |
| 6:47 | Create | Villager (Male) |
| 6:56 | Research | Loom |
| 6:56 | Research | Loom |
| 7:16 | Create | Villager (Male) |
| 7:16 | Create | Villager (Male) |
| 7:17 | Create | Villager (Male) |
| 7:32 | Create | Villager (Male) |
| 7:32 | Create | Villager (Male) |
| 7:39 | Create | Villager (Male) |
| 7:39 | Create | Villager (Male) |
| 8:21 | Create | Villager (Male) |
| 8:22 | Create | Villager (Male) |
| 8:38 | Create | Villager (Male) |
| 8:38 | Create | Villager (Male) |
| 9:10 | Research | Loom |
| 9:16 | Create | Villager (Male) |
| 9:17 | Create | Villager (Male) |
| 9:27 | Create | Villager (Male) |
| 9:28 | Create | Villager (Male) |
| 9:28 | Create | Villager (Male) |
| 9:34 | Build | Mill |
| 9:55 | Research | Feudal Age |
| 10:08 | Build | Barracks |
| 10:22 | Build | Palisade Wall |
| 10:35 | Build | House |
| 10:45 | Create | Villager (Male) |
| 10:45 | Create | Villager (Male) |
| 10:48 | Create | Villager (Male) |
| 10:49 | Create | Villager (Male) |
| 10:49 | Create | Villager (Male) |
| 11:31 | Build | Palisade Wall |
| 11:38 | Create | Villager (Male) |
| 11:38 | Create | Villager (Male) |
| 11:57 | Create | Villager (Male) |
| 11:57 | Create | Villager (Male) |
| 12:04 | Build | Palisade Gate |
| 12:08 | Build | Palisade Wall |
| 12:14 | Age | Feudal Age |
| 12:17 | Create | Spearman |
| 12:17 | Create | Spearman |
| 12:17 | Create | Spearman |
| 12:31 | Build | Stable |
| 12:32 | Create | Villager (Male) |
| 12:32 | Create | Villager (Male) |
| 12:36 | Build | Farm |
| 12:36 | Build | Farm |
| 12:50 | Build | Blacksmith |
| 12:56 | Build | Farm |
| 12:57 | Build | Farm |
| 12:57 | Build | Farm |
| 13:05 | Create | Spearman |
| 13:17 | Create | Scout Cavalry |
| 13:17 | Create | Scout Cavalry |
| 13:44 | Build | Farm |
| 13:52 | Build | Farm |
| 13:52 | Build | Farm |
| 13:57 | Build | House |
| 14:10 | Build | House |
| 14:10 | Build | House |
| 14:11 | Build | House |
| 14:11 | Build | House |
| 14:11 | Build | House |
| 14:14 | Create | Scout Cavalry |
| 14:14 | Create | Scout Cavalry |
| 14:47 | Build | Farm |
| 14:52 | Build | Farm |
| 14:52 | Build | Farm |
| 14:56 | Create | Spearman |
| 14:56 | Create | Spearman |
| 15:14 | Create | Villager (Male) |
| 15:14 | Create | Villager (Male) |
| 15:26 | Create | Villager (Male) |
| 15:26 | Create | Villager (Male) |
| 15:32 | Create | Villager (Male) |
| 15:32 | Create | Villager (Male) |
| 16:03 | Build | House |
| 16:03 | Build | House |
| 16:03 | Build | House |
| 16:06 | Create | Villager (Male) |
| 16:06 | Create | Villager (Male) |
| 16:37 | Create | Spearman |
| 16:38 | Create | Spearman |
| 17:19 | Build | Farm |
| 17:19 | Build | Farm |
| 17:20 | Build | Farm |
| 17:20 | Build | Farm |
| 17:20 | Build | Farm |
| 17:21 | Build | Farm |
| 17:23 | Research | Horse Collar |
| 17:23 | Research | Horse Collar |
| 18:02 | Create | Villager (Male) |
| 18:03 | Create | Villager (Male) |
| 18:20 | Research | Town Watch |
| 18:25 | Build | Mining Camp |
| 19:48 | Build | Market |
| 20:23 | Research | Castle Age |
| 20:23 | Research | Castle Age |
| 20:24 | Research | Castle Age |
| 20:24 | Research | Castle Age |
| 20:42 | Create | Villager (Male) |
| 20:42 | Create | Villager (Male) |
| 20:43 | Create | Villager (Male) |
| 21:09 | Build | House |
| 21:09 | Build | House |
| 21:10 | Build | House |
| 21:10 | Build | House |
| 21:10 | Build | House |
| 21:10 | Build | House |
| 21:12 | Create | Villager (Male) |
| 21:12 | Create | Villager (Male) |
| 21:15 | Create | Spearman |
Build order — pierre.ultraweb
First 150 of 356 actions detected
| 0:04 | Build | House |
| 0:06 | Build | House |
| 0:10 | Create | Villager (Male) ×4 |
| 0:11 | Create | Villager (Male) ×4 |
| 1:42 | Create | Villager (Male) |
| 1:42 | Create | Villager (Male) |
| 1:42 | Create | Villager (Male) |
| 1:58 | Create | Villager (Male) |
| 1:58 | Create | Villager (Male) |
| 2:06 | Build | Lumber Camp |
| 2:36 | Create | Villager (Male) |
| 2:36 | Create | Villager (Male) |
| 3:04 | Create | Villager (Male) |
| 3:04 | Create | Villager (Male) |
| 3:11 | Create | Villager (Male) |
| 3:11 | Create | Villager (Male) |
| 4:03 | Build | House |
| 4:22 | Create | Villager (Male) |
| 4:23 | Create | Villager (Male) |
| 4:23 | Create | Villager (Male) |
| 4:23 | Create | Villager (Male) |
| 4:24 | Create | Villager (Male) |
| 4:52 | Create | Villager (Male) |
| 4:52 | Create | Villager (Male) |
| 4:53 | Create | Villager (Male) |
| 5:20 | Build | Mill |
| 5:41 | Create | Villager (Male) |
| 6:09 | Create | Villager (Male) |
| 6:09 | Create | Villager (Male) |
| 6:10 | Create | Villager (Male) |
| 6:16 | Create | Villager (Male) |
| 6:17 | Create | Villager (Male) |
| 6:17 | Create | Villager (Male) |
| 6:35 | Build | House |
| 6:41 | Create | Villager (Male) |
| 6:41 | Create | Villager (Male) |
| 6:50 | Create | Villager (Male) |
| 6:50 | Create | Villager (Male) |
| 6:51 | Create | Villager (Male) |
| 7:02 | Build | House |
| 7:55 | Research | Loom |
| 8:04 | Research | Feudal Age |
| 8:34 | Build | Lumber Camp |
| 8:42 | Build | Mining Camp |
| 9:08 | Create | Villager (Male) |
| 9:18 | Build | Barracks |
| 10:20 | Create | Villager (Male) |
| 10:30 | Age | Feudal Age |
| 10:33 | Build | Stable |
| 10:55 | Build | Blacksmith |
| 10:59 | Create | Villager (Male) |
| 11:22 | Create | Scout Cavalry |
| 11:23 | Create | Scout Cavalry |
| 11:23 | Create | Scout Cavalry |
| 11:35 | Build | House |
| 12:26 | Build | House |
| 12:54 | Create | Villager (Male) |
| 12:54 | Create | Villager (Male) |
| 12:55 | Create | Villager (Male) |
| 12:55 | Create | Villager (Male) |
| 13:05 | Build | House |
| 13:10 | Build | Farm |
| 13:11 | Build | Farm |
| 13:11 | Build | Farm |
| 13:13 | Build | Farm |
| 13:14 | Build | Farm |
| 13:29 | Build | Farm |
| 13:54 | Build | Farm |
| 14:20 | Build | Farm |
| 14:26 | Build | Farm |
| 14:30 | Create | Villager (Male) |
| 14:30 | Create | Villager (Male) |
| 14:48 | Build | Farm |
| 14:51 | Create | Villager (Male) |
| 15:12 | Build | Farm |
| 15:54 | Build | Farm |
| 16:04 | Build | Farm |
| 16:47 | Research | Castle Age |
| 19:27 | Age | Castle Age |
| 19:31 | Build | Town Center |
| 20:07 | Build | Town Center |
| 20:14 | Create | Villager (Male) |
| 20:14 | Create | Villager (Male) |
| 20:15 | Create | Villager (Male) |
| 20:19 | Research | Double-Bit Axe |
| 20:25 | Research | Husbandry |
| 20:29 | Create | Villager (Male) |
| 20:30 | Create | Villager (Male) |
| 20:32 | Research | Gold Mining |
| 20:50 | Build | Farm |
| 20:53 | Build | Farm |
| 20:54 | Create | Villager (Male) |
| 20:55 | Create | Villager (Male) |
| 21:00 | Create | Villager (Male) |
| 21:05 | Research | Bow Saw |
| 21:08 | Research | Horse Collar |
| 21:10 | Create | Villager (Male) |
| 21:35 | Create | Villager (Male) |
| 21:35 | Create | Villager (Male) |
| 21:36 | Create | Villager (Male) |
| 21:41 | Create | Villager (Male) |
| 21:42 | Create | Villager (Male) |
| 21:42 | Create | Villager (Male) |
| 22:15 | Create | Villager (Male) |
| 22:15 | Create | Villager (Male) |
| 22:21 | Create | Villager (Male) |
| 22:21 | Create | Villager (Male) |
| 22:21 | Create | Villager (Male) |
| 22:28 | Build | Farm |
| 22:44 | Create | Villager (Male) |
| 22:45 | Create | Villager (Male) |
| 22:53 | Build | Farm |
| 23:06 | Create | Villager (Male) |
| 23:06 | Create | Villager (Male) |
| 23:19 | Build | Farm |
| 23:21 | Create | Villager (Male) |
| 23:22 | Create | Villager (Male) |
| 23:49 | Research | Padded Archer Armor |
| 23:53 | Create | Villager (Male) |
| 23:53 | Create | Villager (Male) |
| 24:18 | Build | Gate |
| 24:23 | Build | Stone Wall |
| 24:27 | Create | Villager (Male) |
| 24:27 | Create | Villager (Male) |
| 24:28 | Create | Villager (Male) |
| 24:33 | Build | House |
| 24:34 | Build | House |
| 24:36 | Build | House |
| 24:38 | Create | Villager (Male) |
| 24:54 | Research | Fletching |
| 25:05 | Build | Farm |
| 25:06 | Build | Farm |
| 25:06 | Build | Farm |
| 25:06 | Build | Farm |
| 25:19 | Build | Castle |
| 25:24 | Create | Villager (Male) ×3 |
| 25:28 | Build | House |
| 25:37 | Create | Villager (Male) |
| 25:42 | Build | Farm |
| 25:56 | Create | Villager (Male) |
| 25:56 | Create | Villager (Male) |
| 25:57 | Create | Villager (Male) |
| 26:01 | Build | Farm |
| 26:13 | Create | Mangudai ×5 |
| 26:21 | Create | Villager (Male) |
| 26:21 | Create | Villager (Male) |
| 26:41 | Create | Villager (Male) |
| 26:41 | Create | Villager (Male) |
| 26:44 | Create | Mangudai |
| 26:58 | Research | Scale Barding Armor |
Match timeline
| 8:10 | wCkL_ · first_building Barracks |
| 8:57 | Ashka · first_building Barracks |
| 9:18 | pierre.ultraweb · first_building Barracks |
| 9:53 | Ashka · age_up feudal |
| 9:55 | wCkL_ · age_up feudal |
| 9:55 | Ashka · first_building Stable |
| 9:59 | wCkL_ · first_building Stable |
| 10:04 | hadji_andiyskiy · wall_segment Palisade Wall x1 |
| 10:08 | shamil.malikov97 · first_building Barracks |
| 10:22 | azal873 · wall_segment Palisade Wall x3 |
| 10:22 | shamil.malikov97 · wall_segment Palisade Wall x5 |
| 10:24 | hadji_andiyskiy · first_building Barracks |
| 10:30 | pierre.ultraweb · age_up feudal |
| 10:33 | pierre.ultraweb · first_building Stable |
| 11:12 | hadji_andiyskiy · wall_segment Palisade Wall x8 |
| 11:31 | shamil.malikov97 · wall_segment Palisade Wall x8 |
| 11:48 | azal873 · age_up feudal |
| 12:07 | hadji_andiyskiy · age_up feudal |
| 12:08 | shamil.malikov97 · wall_segment Palisade Wall x12 |
| 12:12 | Ashka · wall_segment Palisade Wall x4 |
| 12:14 | shamil.malikov97 · age_up feudal |
| 12:31 | shamil.malikov97 · first_building Stable |
| 13:42 | wCkL_ · wall_segment Stone Wall x12 |
| 18:38 | azal873 · first_building Barracks |
| 18:54 | Ashka · first_building Archery Range |
| 19:19 | wCkL_ · wall_segment Stone Wall x8 |
| 19:27 | pierre.ultraweb · age_up castle |
| 19:34 | wCkL_ · wall_segment Stone Wall x10 |
| 20:17 | wCkL_ · age_up castle |
| 20:24 | hadji_andiyskiy · first_building Stable |
| 20:45 | azal873 · age_up castle |
| 21:14 | wCkL_ · wall_segment Stone Wall x14 |
| 21:33 | hadji_andiyskiy · first_market_buy 100 wood |
| 21:41 | hadji_andiyskiy · age_up castle |
| 22:03 | Ashka · age_up castle |
| 22:18 | azal873 · first_market_buy 100 wood |
| 23:11 | shamil.malikov97 · age_up castle |
| 24:10 | shamil.malikov97 · first_building Monastery |
| 24:23 | pierre.ultraweb · wall_segment Stone Wall x1 |
| 25:07 | azal873 · first_building Castle |
| 25:19 | pierre.ultraweb · first_building Castle |
| 27:20 | shamil.malikov97 · wall_segment Stone Wall x1 |
| 27:23 | shamil.malikov97 · wall_segment Stone Wall x9 |
| 29:07 | shamil.malikov97 · first_market_buy 100 stone |
| 29:29 | shamil.malikov97 · wall_segment Stone Wall x12 |
| 29:31 | shamil.malikov97 · wall_segment Stone Wall x10 |
| 29:42 | pierre.ultraweb · wall_segment Stone Wall x17 |
| 29:44 | shamil.malikov97 · first_building Archery Range |
| 29:44 | wCkL_ · first_building Castle |
| 30:13 | hadji_andiyskiy · first_building Castle |
| 30:24 | shamil.malikov97 · wall_segment Stone Wall x7 |
| 31:53 | shamil.malikov97 · first_building Siege Workshop |
| 32:10 | pierre.ultraweb · wall_segment Stone Wall x1 |
| 32:14 | Ashka · first_building Monastery |
| 34:15 | Ashka · first_building Castle |
| 34:34 | pierre.ultraweb · age_up imperial |
| 34:54 | wCkL_ · first_building Archery Range |
| 35:11 | azal873 · first_market_sell 500 wood |
| 35:21 | wCkL_ · first_market_buy 100 food |
| 35:33 | hadji_andiyskiy · first_building Siege Workshop |
| 36:09 | shamil.malikov97 · first_building Castle |
| 36:22 | Ashka · age_up imperial |
| 36:23 | Ashka · wall_segment Stone Wall x7 |
| 36:25 | Ashka · wall_segment Stone Wall x12 |
| 36:52 | Ashka · first_market_buy 100 wood |
| 37:56 | hadji_andiyskiy · age_up imperial |
| 38:28 | azal873 · age_up imperial |
| 38:34 | wCkL_ · age_up imperial |
| 38:43 | pierre.ultraweb · tribute_sent a jugador 1 |
| 38:43 | pierre.ultraweb · tribute_sent a jugador 2 |
| 38:43 | pierre.ultraweb · tribute_sent a jugador 3 |
| 38:43 | pierre.ultraweb · tribute_sent a jugador 4 |
| 38:43 | pierre.ultraweb · tribute_sent a jugador 6 |
| 38:43 | wCkL_ · wall_segment Stone Wall x6 |
| 38:50 | wCkL_ · wall_segment Stone Wall x8 |
| 38:57 | shamil.malikov97 · first_market_sell 500 wood |
| 39:20 | pierre.ultraweb · tribute_sent a jugador 1 |
| 39:20 | pierre.ultraweb · tribute_sent a jugador 2 |
| 39:20 | pierre.ultraweb · tribute_sent a jugador 3 |
| 39:20 | pierre.ultraweb · tribute_sent a jugador 4 |
| 39:20 | pierre.ultraweb · tribute_sent a jugador 6 |
| 40:46 | pierre.ultraweb · first_building Siege Workshop |
| 41:13 | azal873 · tribute_sent a jugador 1 |
| 41:13 | azal873 · tribute_sent a jugador 3 |
| 41:13 | azal873 · tribute_sent a jugador 4 |
| 41:13 | azal873 · tribute_sent a jugador 5 |
| 41:13 | azal873 · tribute_sent a jugador 6 |
| 41:21 | wCkL_ · wall_segment Stone Wall x7 |
| 42:22 | shamil.malikov97 · age_up imperial |
| 42:47 | wCkL_ · wall_segment Stone Wall x18 |
| 43:41 | wCkL_ · wall_segment Stone Wall x10 |
| 43:44 | Ashka · first_market_sell 100 stone |
| 43:55 | wCkL_ · wall_segment Stone Wall x17 |
| 45:11 | wCkL_ · wall_segment Stone Wall x8 |
| 46:05 | pierre.ultraweb · tribute_sent a jugador 1 |
| 46:05 | pierre.ultraweb · tribute_sent a jugador 2 |
| 46:05 | pierre.ultraweb · tribute_sent a jugador 3 |
| 46:05 | pierre.ultraweb · tribute_sent a jugador 4 |
| 46:05 | pierre.ultraweb · tribute_sent a jugador 6 |
| 46:08 | azal873 · first_building Stable |
| 47:01 | wCkL_ · wall_segment Stone Wall x7 |
| 48:01 | hadji_andiyskiy · first_market_sell 500 wood |
| 48:11 | pierre.ultraweb · first_market_sell 100 food |
| 49:47 | pierre.ultraweb · tribute_sent a jugador 1 |
| 49:47 | pierre.ultraweb · tribute_sent a jugador 2 |
| 49:47 | pierre.ultraweb · tribute_sent a jugador 3 |
| 49:47 | pierre.ultraweb · tribute_sent a jugador 4 |
| 49:47 | pierre.ultraweb · tribute_sent a jugador 6 |
| 50:43 | pierre.ultraweb · wall_segment Stone Wall x1 |
| 56:23 | Ashka · resign |
[ AI ANALYSIS · 1 CREDIT ]
What really happened in this match?
Wolo.gg analyzes every decision: build order, eco, micro, common mistakes by bracket. Personalized analysis on WhatsApp or Discord in 30 seconds.
Civ guide
Franks
Map guide
Lombardia
Perfil
Jugador #22945014